AoeStats
← WoFaz

Four Lakes

509912464Analyzed
1v1 RM · 5d ago on Sep 28, 2026· 43m 2s· 2 players
Game mode
Random Map
Map size
Tiny (2 player)
Population
200
Speed
Normal
Resources
Standard
Victory
Conquest
Starting age
Dark Age
Ending age
Imperial Age
RankedLock teamsTeams togetherTeam positionsShared explorationLock speedFull tech treeHidden civsTurbo modeCheats
Victory
Defeat
🇦🇹 Teutons · Austria
627
+16
🇺🇸 Japanese · United States
618
-22
Joe_Difolt
13:27 Feudal Age
11:43 Loom
13:33 Feudal Age
21:27 Castle Age
20:04 Wheelbarrow
19:26 Double-Bit Axe
21:59 Stone Mining
22:05 Gold Mining
22:07 Fishing Lines
27:07 Forging
26:59 Scale Mail Armor
26:28 Pikeman
29:16 Horse Collar
30:33 Squires
36:08 Imperial Age
34:58 Chain Mail Armor
34:44 Arson
35:20 Gillnets
37:09 Iron Casting
37:30 Elite Samurai
40:41 Hand Cart
WoFaz
1:40 Loom
12:58 Feudal Age
13:27 Double-Bit Axe
13:33 Fishing Lines
14:35 Town Watch
15:36 Gold Mining
16:55 Wheelbarrow
18:19 Stone Mining
22:03 Castle Age
20:39 Fletching
20:52 Scale Mail Armor
21:03 Forging
21:19 Bloodlines
20:56 Arson
21:58 Scale Barding Armor
26:18 Iron Casting
26:26 Bow Saw
27:21 Fervor
28:47 Ballistics
28:45 Clinker Construction
29:11 Bodkin Arrow
30:36 Gillnets
36:29 Imperial Age
34:17 Chain Mail Armor
35:47 Chain Barding Armor
35:35 Squires
36:43 Padded Archer Armor
37:31 Conscription
38:39 Plate Mail Armor
40:22 Heavy Mounted Crossbowman
Connection lost

Rejoining the realm…

Still unreachable

The connection could not be restored.

Session expired

The server has moved on; the page needs a fresh start.